 Dungeon Crawl Stone Soup version 0.18-a0-1577-gf591c28 (webtiles) character file.

177 Hilldric the Cudgeler (level 5, -2/54 HPs)
             Began as an Ogre Fighter on Mar 18, 2016.
             Slain by Uhlv's ghost (5 damage)
             ... on level 3 of the Dungeon.
             The game lasted 00:05:39 (2288 turns).

Hilldric the Cudgeler (Ogre Fighter)                Turns: 2288, Time: 00:05:40

Health: -2/54      AC:  4    Str: 22    XL:     5   Next: 57%
Magic:  5/5        EV:  8    Int:  7    God:
Gold:   131        SH:  8    Dex:  9    Spells: 0 memorised, 4 levels left

rFire  x . .     SeeInvis .     a - +0 flail
rCold  + . .     Gourm    .     k - +1 robe
rNeg   + . .     Faith    .     c - +0 shield
rPois  .         Spirit   .     (helmet restricted)
rElec  .         Dismiss  .     (no cloak)
rCorr  .         Reflect  .     (gloves unavailable)
SustAt .         Harm     .     (boots unavailable)
MR     .....                    (no amulet)
Stlth  +.........               h - ring of ice
                                j - ring of positive energy

@: not resistant to hostile enchantments, very unstealthy
A: unfitting armour, tough skin 1
a: no special abilities


You were on level 3 of the Dungeon.
You were not hungry.

You visited 1 branch of the dungeon, and saw 3 of its levels.

You collected 131 gold pieces.

Inventory:

Hand Weapons
 a - a +0 flail (weapon)
Armour
 c - a +0 shield (worn)
 k - a +1 robe (worn)
Jewellery
 h - a ring of ice (right hand)
 j - a ring of positive energy (left hand)
Scrolls
 i - 3 scrolls of identify
 m - a scroll of enchant weapon {unknown}
 p - 2 scrolls of remove curse {unknown}
 q - a scroll of blinking {unknown}
 t - a scroll of immolation {unknown}
Potions
 b - 4 potions of mutation {unknown}
 d - 2 potions of might
 e - a potion of heal wounds
 g - 2 potions of cancellation
 l - a potion of resistance {unknown}
 n - a potion of flight {unknown}
 s - 2 potions of ambrosia {unknown}
 u - a potion of degeneration {unknown}
Comestibles
 f - 4 bread rations
 o - a royal jelly
 r - 8 fruits


   Skills:
 - Level 4.0 Fighting
 - Level 5.0 Maces & Flails
 + Level 3.1 Armour
 - Level 2.6 Dodging
 - Level 2.6 Shields


You had 4 spell levels left.
You didn't know any spells.

Dungeon Overview and Level Annotations

Branches:
Dungeon (3/15)

Altars:
Ashenzari
Vehumet

Annotations:
D:3 Uhlv's ghost, amateur GrFi


Innate Abilities, Weirdness & Mutations

You are too large for most types of armour.
You have tough skin (AC +1).


Message History

You feel much better. Uhlv's ghost hits you.
You hit Uhlv's ghost.
Uhlv's ghost is heavily damaged.
Uhlv's ghost barely misses you.
Uhlv's ghost hits you but does no damage.
You hit Uhlv's ghost but do no damage.
Uhlv's ghost is heavily damaged.
Uhlv's ghost closely misses you.
Your shield prevents you from hitting Uhlv's ghost.
Uhlv's ghost is heavily damaged.
Uhlv's ghost hits you!
You hit Uhlv's ghost but do no damage.
Uhlv's ghost is heavily damaged.
Uhlv's ghost hits you!
* * * LOW HITPOINT WARNING * * *
x2 Uhlv's ghost closely misses you.
You hit Uhlv's ghost.
Uhlv's ghost is severely damaged.
Uhlv's ghost hits you.
You die...

....................#.##
..##÷...†##.............
........................
.............(........#
..............?.....#.#
......<...........#.#
..................# #
................W.#.#...
##............$.@.......
#................#.....
###..............#.....
....##.... .... ####
#.###..... .. ..... ##
.. ...


You could see Uhlv's ghost.

Vanquished Creatures
  An ice beast (D:2)
  4 adders
  3 dart slugs
  2 giant geckos (D:1)
  An orc (D:3)
  A giant cockroach (D:1)
  6 goblins
  3 hobgoblins
  2 quokkas (D:3)
  A ball python (D:1)
  4 bats
  6 giant newts
  8 kobolds
  8 rats
50 creatures vanquished.

Notes
Turn   | Place    | Note
--------------------------------------------------------------
     0 | D:1      | Hilldric the Ogre Fighter began the quest for the Orb.
     0 | D:1      | Reached XP level 1. HP: 24/24 MP: 1/1
   113 | D:1      | Reached skill level 1 in Armour
   113 | D:1      | Reached XP level 2. HP: 12/32 MP: 2/2
   475 | D:1      | Reached skill level 3 in Maces & Flails
   964 | D:1      | Reached XP level 3. HP: 34/39 MP: 3/3
   973 | D:1      | Found a shattered altar of Ashenzari.
  1490 | D:2      | Found a faded altar to an unknown god.
  1714 | D:2      | Reached XP level 4. HP: 36/48 MP: 4/4
  1787 | D:2      | Found a radiant altar of Vehumet.
  1853 | D:3      | Noticed an ice beast
  1865 | D:2      | Killed an ice beast
  1865 | D:2      | Reached skill level 5 in Maces & Flails
  1865 | D:2      | Reached XP level 5. HP: 39/54 MP: 5/5
  2026 | D:3      | Noticed Uhlv's ghost (amateur GrFi)
  2288 | D:3      | Slain by Uhlv's ghost

Vault maps used:
D:1:      lightli_arrival_statuegarden, serial_forest,
          infiniplex_forest_end_double, infiniplex_forest_straight_2,
          infiniplex_forest_lined_room_2, infiniplex_forest_end_double,
          ashenzari_altar_1
D:2:      lemuel_upstairs_altar, vehumet_crystals, ecumenical_altar_1
D:3:      nicolae_overflow_hidden_temple

Skill      XL: |  1  2  3  4  5 |
---------------+----------------+-----
Armour         | 1 2 3 |  3.1
Maces & Flails | 3 5 |  5.0
Fighting       | |  4.0
Dodging        | |  2.6
Shields        | |  2.6

Action                   |  1- 3 |  4- 6 || total
-------------------------+-------+-------++-------
Melee: Flail             |   143 |    82 ||   225
  Use: Scroll            |     3 |       ||     3
       Potion            |       |     2 ||     2
  Eat: Bread ration      |     1 |       ||     1
